 Dungeon Crawl Stone Soup version 0.28-a0-1159-g27aa881441 (webtiles) character file.

Game seed: 15871995822405836680

11803 bande the Cleaver (level 11, -2/68 HPs)
             Began as a Gargoyle Fighter on Dec 16, 2021.
             Was a High Priest of Okawaru.
             Slain by a komodo dragon (20 damage)
             ... on level 3 of the Lair of Beasts.
             The game lasted 00:18:24 (15020 turns).

bande the Cleaver (Gargoyle Fighter)               Turns: 15020, Time: 00:18:24

Health: -2/68      AC: 27    Str: 20    XL:     11   Next: 83%
Magic:  16/16      EV:  8    Int:  9    God:    Okawaru [*****.]
Gold:   694        SH:  8    Dex: 23    Spells: 10/10 levels left

rFire   . . .      SeeInvis .   u - +6 war axe
rCold   + . .      Faith    .   c - +1 buckler
rNeg    + . .      Spirit   .   l - +8 chain mail of Purpose {Dex+2}
rPois   ∞          Reflect  .   (no helmet)
rElec   +          Harm     .   (no cloak)
rCorr   .          Rampage  .   (no gloves)
Will    +....                   (no boots)
Stlth   ..........              (no amulet)
HPRegen 0.21/turn               b - +6 ring of dexterity
MPRegen 0.15/turn               j - ring of protection from cold

@: studying Spellcasting
A: sickness immunity, AC +8, negative energy resistance 1, electricity
resistance, torment resistance 1, petrification resistance, thin skeletal
structure 1, strong-willed 1
a: Renounce Religion, Heroism, Finesse, Duel


You were on level 3 of the Lair of Beasts.
You worshipped Okawaru.
Okawaru was extremely pleased with you.
You visited 3 branches of the dungeon, and saw 12 of its levels.

You collected 694 gold pieces.

Inventory:

Hand Weapons
 m - a +2 war axe of flaming
 u - a +6 war axe (weapon)
Missiles
 d - a throwing net (quivered)
Armour
 a - a +0 kite shield
 c - a +1 buckler (worn)
 l - the +8 chain mail of Purpose (worn) {Dex+2}
   (You found it on level 3 of the Lair of Beasts)

   Dex:       It affects your dexterity (+2).
 D - a +2 hat of willpower
Jewellery
 b - a +6 ring of dexterity (left hand)
 j - a ring of protection from cold (right hand)
 q - a ring of wizardry
 r - a ring of fire
Wands
 e - a wand of polymorph (6)
 p - a wand of iceblast (8)
 s - a wand of paralysis (13)
 B - a wand of digging (5)
Scrolls
 f - 5 scrolls of teleportation
 w - a scroll of magic mapping
 y - a scroll of fear
Potions
 g - 2 potions of curing
 h - 2 potions of haste
 k - 3 potions of flight
 n - a potion of berserk rage {unknown}
 o - a potion of ambrosia {unknown}
 x - a potion of brilliance {unknown}
 z - 2 potions of magic
Miscellaneous
 A - a tin of tremorstones (2/2)


   Skills:
 + Level 8.0 Fighting
 + Level 10.6 Axes
 + Level 8.9 Armour
 + Level 6.9 Shields
 * Level 7.6 Invocations
 * Level 5.2 Evocations


You had 10 spell levels left.
You didn't know any spells.
Your spell library contained the following spells:

 Spells                   Type           Power      Damage    Failure   Level
 Foxfire                  Conj/Fire      0%         2x1d4     97%         1
 Corpse Rot               Necr/Air       0%         N/A       99%         2
 Poisonous Vapours        Pois/Air       0%         N/A       99%         2
 Conjure Flame            Conj/Fire      0%         6-21      100%        3
 Inner Flame              Hex/Fire       0%         N/A       100%        3
 Ozocubu's Armour         Ice            0%         N/A       100%        3
 Flame Wave               Conj/Fire      0%         2d4       100%        4
 Passage of Golubria      Tloc           0%         N/A       100%        4
 Metabolic Englaciation   Hex/Ice        0%         N/A       100%        5
 Yara's Violent Unravell  Hex/Tmut       0%         3d3       100%        5
 Tukima's Dance           Hex            Unusable   N/A       N/A         3
 Simulacrum               Ice/Necr       Unusable   N/A       N/A         6

Dungeon Overview and Level Annotations

Branches:
Dungeon (8/15)             Temple (1/1) D:5            Lair (3/6) D:8
 Shoals (0/4) Lair:2        Snake (0/4) Lair:2

Altars:
Ashenzari
Cheibriados
Dithmenos
Gozag
Hepliaklqana
Kikubaaqudgha
Nemelex Xobeh
Okawaru
Sif Muna
Trog
Uskayaw
Wu Jian
Xom
Zin


Innate Abilities, Weirdness & Mutations

You are immune to sickness and miasma.
Your stone body is resilient. (AC +8)
You are immune to poison.
You resist negative energy. (rN+)
You are resistant to electric shocks. (rElec)
You are resistant to unholy torment.
You are immune to petrification.
You have a somewhat thin skeletal structure. (Dex +2, Stealth+)
You are strong-willed. (Will+)


Message History

You see here the +10 crystal plate armour of Okawaru's Respect {rCorr}.
The elephant closely misses you. You block the elephant's attack.
The water moccasin bites you but does no damage.
You slash the water moccasin!
The water moccasin is severely wounded.
You slash the elephant! You block the elephant's attack. x2
The water moccasin bites you but does no damage.
Unknown command.
You miss the water moccasin.
The water moccasin is severely wounded.
You hit the elephant. x2
You kill the elephant!
Okawaru accepts your kill.
The water moccasin bites you but does no damage.
You block the elephant's attack.
The elephant trunk-slaps you but does no damage.
Your Fighting skill increases to level 8!
You hit the water moccasin.
The water moccasin is almost dead.
You hit the elephant but do no damage. You completely miss the komodo dragon.
The water moccasin barely misses you.
The elephant tramples you but does no damage.
The elephant barely misses you. You block the water moccasin's attack.
Unknown command.
You miss the water moccasin.
The water moccasin is almost dead.
You hit the komodo dragon. You slash the elephant!
You kill the elephant!
Okawaru accepts your kill. The komodo dragon bites you!
The water moccasin bites you.
Unknown command.
You hit the water moccasin.
You kill the water moccasin!
Okawaru accepts your kill.
You barely miss the komodo dragon.
The komodo dragon hisses menacingly.
The komodo dragon bites you!
* * * LOW HITPOINT WARNING * * *
The komodo dragon bites you!!
You die...

............
#...........
...........#
.......P...#..#
.......P...##.#
...........##.#
............#.#
........l[.#..#
.....>.[@.....####
.....###†....#...##
.... #..........##
...................###
...................P#
............P......##
...........###.....##
...#..P...###.......#
........### ##......#


You could see a komodo dragon.

Vanquished Creatures
  Gastronok (Lair:2)
  Fannar (Lair:1)
  2 hydras
  10 elephants
  A polar bear (Lair:2)
  Prince Ribbit (D:6)
  3 blink frogs (Lair:1)
  4 yaks
  A wyvern (D:7)
  2 basilisks (D:7)
  A steam dragon (Lair:2)
  9 water moccasins
  3 ice beasts
  2 black bears (D:6)
  2 sky beasts (D:6)
  A necrophage (D:6)
  An ogre (D:7)
  A centaur (D:8)
  A kobold brigand (D:5)
  6 bullfrogs
  3 scorpions
  2 wyvern zombies
  4 killer bees (D:7)
  5 wights
  A howler monkey (D:7)
  A bullfrog zombie (D:6)
  A hound (D:4)
  2 jellies
  2 orc priests
  A bullfrog skeleton (D:4)
  A scorpion zombie (D:5)
  An iguana (D:3)
  An orc wizard (D:6)
  A howler monkey skeleton (D:7)
  3 gnolls (D:4)
  5 adders
  2 shadow imps
  A white imp (D:4)
  An ufetubus (D:6)
  3 worms
  3 dart slugs
  17 orcs
  9 endoplasms
  2 giant cockroaches
  3 goblins
  6 hobgoblins
  2 jackals (D:5)
  11 kobolds
  3 quokkas
  10 ball pythons
  3 bats
  2 frilled lizards
  3 rats
168 creatures vanquished.

Vanquished Creatures (others)
  A fungus (Lair:2)
  A plant (Lair:3)
  5 toadstools (D:8)
7 creatures vanquished.

Grand Total: 175 creatures vanquished

Notes
Turn   | Place    | Note
-------+----------+-------------------------------------------
     0 | D:1      | bande the Gargoyle Fighter began the quest for the Orb.
     0 | D:1      | Reached XP level 1. HP: 14/14 MP: 1/1
   203 | D:1      | Reached skill level 2 in Axes
   256 | D:1      | Reached XP level 2. HP: 19/19 MP: 2/2
   378 | D:1      | Found a faded altar of an unknown god.
  1014 | D:2      | Reached XP level 3. HP: 21/23 MP: 3/3
  2319 | D:3      | Reached XP level 4. HP: 29/29 MP: 4/4
  2447 | D:3      | Reached skill level 3 in Axes
  2922 | D:3      | Reached XP level 5. HP: 22/33 MP: 5/5
  3184 | D:3      | Found an ornate altar of the Wu Jian Council.
  3365 | D:4      | Reached skill level 4 in Axes
  3420 | D:4      | Reached XP level 6. HP: 16/38 MP: 6/6
  4768 | D:4      | Found a hazy altar of Hepliaklqana.
  5364 | D:5      | Entered Level 5 of the Dungeon
  5434 | D:5      | Reached skill level 5 in Axes
  5434 | D:5      | Reached skill level 5 in Armour
  5434 | D:5      | Reached XP level 7. HP: 38/44 MP: 7/7
  5538 | D:5      | Found a staircase to the Ecumenical Temple.
  5571 | Temple   | Entered the Ecumenical Temple
  5605 | Temple   | Became a worshipper of Warmaster Okawaru
  6146 | D:5      | Reached skill level 1 in Invocations
  6207 | D:6      | Reached * piety under Okawaru
  6210 | D:6      | Reached skill level 5 in Fighting
  6210 | D:6      | Reached skill level 6 in Axes
  6210 | D:6      | Reached XP level 8. HP: 41/49 MP: 9/9
  6504 | D:6      | Noticed Prince Ribbit
  6518 | D:6      | Killed Prince Ribbit
  6518 | D:6      | Reached ** piety under Okawaru
  6824 | D:6      | Reached skill level 7 in Axes
  6964 | D:6      | Reached XP level 9. HP: 54/55 MP: 10/12
  6965 | D:6      | Reached *** piety under Okawaru
  8059 | D:7      | Reached skill level 1 in Evocations
  8210 | D:7      | Reached skill level 8 in Axes
  8374 | D:8      | Found a staircase to the Lair.
  8374 | D:8      | Noticed an elephant
  8714 | D:7      | Reached skill level 5 in Shields
  8717 | D:7      | HP: 1/55 [wyvern (14)]
  9345 | D:7      | Killed an elephant
  9346 | D:7      | Reached skill level 5 in Invocations
 10063 | D:7      | Reached XP level 10. HP: 44/61 MP: 13/13
 10249 | D:8      | Reached **** piety under Okawaru
 11048 | Lair:1   | Entered Level 1 of the Lair of Beasts
 11416 | Lair:1   | Noticed an eight-headed hydra
 11431 | Lair:1   | Killed a two-headed hydra
 11432 | Lair:1   | Reached skill level 9 in Axes
 12313 | Lair:1   | Gained mutation: You expend magic power (3 MP) to
                  | strengthen your wands. [potion of mutation]
 12313 | Lair:1   | Gained mutation: You are somewhat resistant to further
                  | mutation. [potion of mutation]
 12582 | Lair:2   | Found a staircase to the Shoals.
 12680 | Lair:1   | Reached ***** piety under Okawaru
 13007 | Lair:2   | Noticed Fannar
 13046 | Lair:1   | Killed Fannar
 13047 | Lair:1   | Reached XP level 11. HP: 45/67 MP: 15/15
 13440 | Lair:2   | Noticed Gastronok
 13463 | Lair:2   | Killed Gastronok
 13463 | Lair:2   | Received a gift from Okawaru
 13850 | Lair:2   | Reached skill level 10 in Axes
 14543 | Lair:2   | Found a staircase to the Snake Pit.
 14823 | Lair:2   | Lost mutation: You are somewhat resistant to further
                  | mutation. [potion of mutation]
 14823 | Lair:2   | Lost mutation: You expend magic power (3 MP) to strengthen
                  | your wands. [potion of mutation]
 14823 | Lair:2   | Gained mutation: You are strong-willed. (Will+) [potion of
                  | mutation]
 14823 | Lair:2   | Gained mutation: You have a somewhat thin skeletal
                  | structure. (Dex +2, Stealth+) [potion of mutation]
 14965 | Lair:3   | Noticed a four-headed hydra
 14970 | Lair:3   | Identified the +8 chain mail of Purpose {Dex+2}
 14977 | Lair:3   | Killed a one-headed hydra
 14978 | Lair:3   | Reached skill level 5 in Evocations
 15014 | Lair:3   | Identified the +10 crystal plate armour of Okawaru's
                  | Respect {rCorr} (Okawaru gifted it to you on level 3 of the
                  | Lair of Beasts)
 15014 | Lair:3   | Received a gift from Okawaru
 15020 | Lair:3   | Slain by a komodo dragon

Illustrated notes

Levels and vault maps discovered:
D:1:      eino_arrival_water_star, layout_loops_cross,
          hellmonk_ecumenical_altar_zigzags, dk_noncrumbling_3,
          nicolae_figureground_sparkle
D:2:      layout_loops_ring
D:3:      layout_basic, nzn_wu_jian_council_hall, grunt_ministairs_1
D:4:      layout_layer_cave, nicolae_overflow_crystal_walls, minmay_manual_maat
D:5:      kennysheep_big_flooded_room, layout_basic,
          minmay_temple_entry_junction
D:6:      layout_basic, kennysheep_generic_room_12, uniq_prince_ribbit1
D:7:      layout_basic, chequers_serial_rivers_small_b
D:8:      layout_basic, david_lair_generic, minmay_gold_behind_fungi
Temple:   minmay_temple_bridge_abc
Lair:1:   layout_small_grid, lemuel_fruit_fields, serial_bayou_shore_b,
          lemuel_fruit_fields, serial_bayou_shore_a
Lair:2:   layout_cave_pods, shoals_dummy_entry, dummy_snake_entry,
          uniq_gastronok, uniq_fannar
Lair:3:   layout_gridlike

Skill      XL: |  1  2  3  4  5  6  7  8  9 10 11 |
---------------+----------------------------------+-----
Axes           | 2 3 4 5 6 7 8 9 10 | 10.6
Armour         | 4 5 6 7 8 |  8.9
Fighting       | 4 5 6 7 8 |  8.0
Invocations    | 2 4 5 6 7 |  7.6
Shields        | 4 5 6 |  6.9
Evocations     | 2 4 5 |  5.2

Action                   |  1- 3 |  4- 6 |  7- 9 | 10-12 || total
-------------------------+-------+-------+-------+-------++-------
Melee: War axe           |   127 |   141 |   212 |   224 ||   704
  Use: Scroll            |     2 |     5 |     4 |     5 ||    16
       Potion            |       |       |     1 |     9 ||    10
Armor: Scale mail        |    60 |       |       |       ||    60
       Chain mail        |     4 |    95 |   188 |   205 ||   492
Dodge: Dodged            |    48 |    53 |    77 |   106 ||   284
Block: Buckler           |    20 |    25 |    87 |   115 ||   247

Table legend: (Time is in decaauts)
 A = Elapsed time spent in this place.
 B = Non-inter-level travel time spent in this place.
 C = Inter-level travel time spent in this place.
 D = Time resting spent in this place.
 E = Time spent auto-exploring this place.
 F = Levels seen in this place.
 G = Mean time per level.
                   A        B        C        D        E       F      G
               +--------+--------+--------+--------+--------+-----+--------+
         Total |  15180 |  15121 |     59 |   5325 |   7680 |  12 | 1265.0 |
       Dungeon |  10981 |  10922 |     59 |   3626 |   5852 |   8 | 1372.6 |
        Temple |    199 |    199 |      0 |      0 |    154 |   1 |  199.0 |
          Lair |   3998 |   3998 |      0 |   1699 |   1673 |   3 | 1332.7 |
               +--------+--------+--------+--------+--------+-----+--------+

Top non-repeatable levels by time:
     D:7: 2681 daAuts
  Lair:1: 2315 daAuts
     D:4: 2068 daAuts
  Lair:2: 1569 daAuts
     D:6: 1513 daAuts
     D:3: 1298 daAuts
     D:2: 1181 daAuts
     D:1: 904 daAuts
     D:8: 823 daAuts
     D:5: 510 daAuts
  Temple: 199 daAuts
  Lair:3: 113 daAuts
